[ AOE2 MATCH · #469264684 ]
1v1 RMMagyars vs Sicilians
Player's team · LOSS
Rival team · WIN
[ REPLAY ANALYSIS · EXTRACTED FROM THE RECORDED GAME ]
Feudal
9:37
Castle
20:03
Imperial
—
| APM avg | 28.5 |
| APM peak | 53 |
| eAPM avg | 12.3 |
| Villagers / military | 36 / 5 |
Focus
⚔️ 15.5% · 🌾 84.5%
Scout Cavalry ×4 · Knight ×1
Feudal
10:37
Castle
15:23
Imperial
—
| APM avg | 26.9 |
| APM peak | 54 |
| eAPM avg | 12.5 |
| Villagers / military | 35 / 17 |
Focus
⚔️ 27.7% · 🌾 72.3%
Serjeant ×17
Match map
Initial resources + every placement click. Lines = walls · curves = elevation contours. ◆ gold · ⬟ stone · ● berries · ✦ relic · ◌ wall gap
Your base· ✓ Closed at 20:03 · 44t walls · 2 gate(s)
Skuerlin's base· Open — unwalled flank
Smoothed initial terrain · ◌ = detected wall gap · hover for details
Inputs per minute
— Kevtech - - Skuerlin
Build order — Kevtech
96 actions detected in the replay
| 0:00 | Create | Villager (Male) |
| 0:01 | Create | Villager (Male) |
| 0:02 | Build | House |
| 0:04 | Build | House |
| 0:10 | Create | Villager (Male) |
| 0:10 | Create | Villager (Male) |
| 1:23 | Create | Villager (Male) |
| 1:50 | Build | Mill |
| 2:09 | Create | Villager (Male) |
| 2:41 | Create | Villager (Male) |
| 3:03 | Create | Villager (Male) |
| 3:19 | Create | Villager (Male) |
| 3:33 | Create | Villager (Male) |
| 3:45 | Build | House |
| 3:51 | Create | Villager (Male) |
| 4:00 | Create | Villager (Male) |
| 4:50 | Create | Villager (Male) |
| 4:54 | Create | Villager (Male) |
| 5:01 | Build | Lumber Camp |
| 5:38 | Create | Villager (Male) |
| 6:31 | Create | Villager (Male) |
| 6:36 | Build | Mill |
| 6:55 | Create | Villager (Male) |
| 6:57 | Create | Villager (Male) |
| 7:00 | Research | Loom |
| 7:27 | Research | Feudal Age |
| 7:55 | Create | Villager (Male) |
| 8:09 | Build | House |
| 9:00 | Build | Barracks |
| 9:37 | Age | Feudal Age |
| 9:40 | Build | Lumber Camp |
| 9:47 | Research | Double-Bit Axe |
| 9:49 | Create | Villager (Male) |
| 9:57 | Build | House |
| 10:03 | Create | Villager (Male) |
| 10:29 | Build | House |
| 10:30 | Create | Villager (Male) |
| 10:41 | Create | Villager (Male) |
| 10:44 | Build | Farm |
| 10:45 | Research | Horse Collar |
| 10:59 | Build | Palisade Gate |
| 11:04 | Build | Farm |
| 11:05 | Create | Villager (Male) |
| 11:21 | Create | Villager (Male) |
| 11:30 | Build | Stable |
| 11:36 | Create | Villager (Male) |
| 12:12 | Build | Farm |
| 12:12 | Create | Villager (Male) |
| 12:24 | Build | Palisade Wall |
| 12:31 | Build | House |
| 12:35 | Build | Mill |
| 12:44 | Build | Farm |
| 12:45 | Create | Villager (Male) |
| 13:03 | Build | Farm |
| 13:09 | Build | Palisade Wall |
| 13:21 | Build | Palisade Gate |
| 13:26 | Build | Blacksmith |
| 13:33 | Build | Farm |
| 13:34 | Create | Villager (Male) |
| 13:37 | Build | Farm |
| 13:40 | Build | Farm |
| 13:51 | Build | Farm |
| 13:55 | Research | Wheelbarrow |
| 14:02 | Build | Palisade Wall |
| 14:18 | Build | Farm |
| 14:21 | Build | Farm |
| 14:27 | Create | Villager (Male) |
| 14:36 | Build | Mining Camp |
| 14:47 | Build | Palisade Wall |
| 15:08 | Build | Palisade Wall |
| 15:11 | Create | Villager (Male) |
| 15:55 | Build | Palisade Wall |
| 16:06 | Build | Palisade Wall |
| 16:21 | Create | Villager (Male) |
| 16:44 | Create | Scout Cavalry |
| 17:03 | Build | Watch Tower |
| 17:24 | Research | Castle Age |
| 17:33 | Create | Scout Cavalry |
| 17:52 | Build | Farm |
| 18:07 | Build | Mining Camp |
| 18:12 | Create | Scout Cavalry |
| 18:26 | Research | Stone Mining |
| 18:41 | Research | Bloodlines |
| 18:43 | Research | Scale Barding Armor |
| 18:51 | Create | Villager (Male) |
| 19:21 | Build | Farm |
| 19:55 | Create | Scout Cavalry |
| 20:03 | Age | Castle Age |
| 20:05 | Build | Farm |
| 20:06 | Build | Farm |
| 20:10 | Create | Knight |
| 20:14 | Research | Chain Barding Armor |
| 20:24 | Create | Villager (Male) |
| 20:27 | Create | Villager (Male) |
| 20:27 | Create | Villager (Male) |
| 20:48 | Build | Mining Camp |
Build order — Skuerlin
101 actions detected in the replay
| 0:00 | Create | Villager (Male) |
| 0:00 | Create | Villager (Male) |
| 0:01 | Create | Villager (Male) |
| 0:02 | Build | House |
| 0:03 | Build | House |
| 0:19 | Create | Villager (Male) |
| 1:22 | Create | Villager (Male) |
| 1:58 | Build | Lumber Camp |
| 2:00 | Create | Villager (Male) |
| 2:24 | Create | Villager (Male) |
| 2:52 | Create | Villager (Male) |
| 3:13 | Create | Villager (Male) |
| 3:51 | Build | Mill |
| 3:53 | Create | Villager (Male) |
| 4:20 | Create | Villager (Male) |
| 4:29 | Build | House |
| 4:45 | Create | Villager (Male) |
| 4:45 | Create | Villager (Male) |
| 5:03 | Build | House |
| 5:31 | Create | Villager (Male) |
| 6:21 | Create | Villager (Male) |
| 6:21 | Create | Villager (Male) |
| 7:11 | Create | Villager (Male) |
| 7:31 | Create | Villager (Male) |
| 7:50 | Build | Mining Camp |
| 7:52 | Build | Palisade Wall |
| 7:56 | Create | Villager (Male) |
| 8:27 | Research | Feudal Age |
| 8:45 | Build | Palisade Wall |
| 8:53 | Build | Palisade Wall |
| 9:05 | Build | House |
| 9:27 | Build | Farm |
| 9:29 | Build | Farm |
| 9:31 | Build | Farm |
| 10:17 | Build | Farm |
| 10:25 | Create | Villager (Male) |
| 10:26 | Create | Villager (Male) |
| 10:26 | Create | Villager (Male) |
| 10:37 | Age | Feudal Age |
| 10:50 | Build | Market |
| 10:55 | Build | Blacksmith |
| 11:06 | Build | Farm |
| 11:37 | Build | Farm |
| 11:49 | Build | Farm |
| 11:55 | Create | Villager (Male) |
| 12:09 | Build | Farm |
| 12:43 | Research | Castle Age |
| 13:03 | Build | Donjon |
| 13:42 | Build | Farm |
| 13:45 | Build | Farm |
| 13:49 | Build | Farm |
| 13:58 | Create | Serjeant |
| 13:58 | Create | Serjeant |
| 14:00 | Create | Serjeant |
| 14:36 | Create | Serjeant |
| 14:38 | Create | Serjeant |
| 14:38 | Create | Serjeant |
| 14:47 | Build | Palisade Wall |
| 14:51 | Build | House |
| 14:52 | Build | House |
| 14:58 | Build | Palisade Wall |
| 15:02 | Build | Mining Camp |
| 15:10 | Create | Villager (Male) |
| 15:20 | Build | House |
| 15:23 | Age | Castle Age |
| 15:27 | Create | Serjeant |
| 15:34 | Research | Scale Mail Armor |
| 15:35 | Create | Villager (Male) |
| 15:36 | Create | Serjeant |
| 15:45 | Build | Palisade Gate |
| 15:46 | Build | Palisade Wall |
| 15:51 | Create | Villager (Male) |
| 15:54 | Create | Serjeant |
| 16:10 | Build | Farm |
| 16:16 | Create | Villager (Male) |
| 16:21 | Create | Serjeant |
| 16:37 | Research | Chain Mail Armor |
| 16:57 | Create | Villager (Male) |
| 16:58 | Create | Villager (Male) |
| 17:15 | Build | Donjon |
| 17:28 | Research | Forging |
| 17:37 | Build | Farm |
| 17:46 | Create | Villager (Male) |
| 17:56 | Create | Serjeant |
| 18:12 | Create | Serjeant |
| 18:38 | Build | Donjon |
| 18:43 | Create | Villager (Male) |
| 18:51 | Build | Donjon |
| 18:53 | Create | Serjeant |
| 19:20 | Build | House |
| 19:21 | Build | House |
| 19:22 | Build | House |
| 20:02 | Build | Donjon |
| 20:09 | Create | Villager (Male) |
| 20:10 | Create | Villager (Male) |
| 20:15 | Create | Serjeant |
| 20:15 | Create | Serjeant |
| 20:19 | Create | Serjeant |
| 20:20 | Create | Serjeant |
| 21:21 | Create | Villager (Male) |
| 21:22 | Create | Villager (Male) |
Match timeline
| 7:52 | Skuerlin · wall_segment Palisade Wall x1 |
| 8:45 | Skuerlin · wall_segment Palisade Wall x1 |
| 8:53 | Skuerlin · wall_segment Palisade Wall x1 |
| 9:00 | Kevtech · first_building Barracks |
| 9:37 | Kevtech · age_up feudal |
| 10:37 | Skuerlin · age_up feudal |
| 11:30 | Kevtech · first_building Stable |
| 11:58 | Skuerlin · first_market_buy 100 food |
| 12:24 | Kevtech · wall_segment Palisade Wall x8 |
| 13:03 | Skuerlin · first_building Donjon |
| 13:09 | Kevtech · wall_segment Palisade Wall x3 |
| 14:02 | Kevtech · wall_segment Palisade Wall x6 |
| 14:47 | Skuerlin · wall_segment Palisade Wall x1 |
| 14:47 | Kevtech · wall_segment Palisade Wall x6 |
| 14:58 | Skuerlin · wall_segment Palisade Wall x9 |
| 15:08 | Kevtech · wall_segment Palisade Wall x6 |
| 15:23 | Skuerlin · age_up castle |
| 15:46 | Skuerlin · wall_segment Palisade Wall x1 |
| 15:55 | Kevtech · wall_segment Palisade Wall x8 |
| 16:06 | Kevtech · wall_segment Palisade Wall x7 |
| 20:03 | Kevtech · age_up castle |
| 21:23 | Kevtech · resign |
[ AI ANALYSIS · 1 CREDIT ]
What really happened in this match?
Wolo.gg analyzes every decision: build order, eco, micro, common mistakes by bracket. Personalized analysis on WhatsApp or Discord in 30 seconds.
Civ guide
Magyars
Map guide
Arabia
Perfil
Kevtech